 Dungeon Sprint DCSS version 0.30-a0-347-gf58ed5266c (webtiles) character file.

Game seed: 1452314368839692251

525 mhtbhm the Protected (level 7, -6/105 HPs)
             Began as an Armataur Fighter on Nov 7, 2022.
             Was an Initiate of Gozag.
             Mangled by a fire elemental (12 damage)
             ... summoned by a deep elf pyromancer
             ... in the Dungeon (Sprint III: "The Ten Rune Challenge").
             The game lasted 00:01:45 (843 turns).

mhtbhm the Protected (Armataur Fighter)              Turns: 843, Time: 00:01:46

Health: -6/105     AC: 10    Str: 23    XL:     7   Next: 2%
Magic:  7/7        EV:  7    Int:  6    God:    Gozag
Gold:   268        SH:  5    Dex: 10    Spells: 6/6 levels left

rFire   . . .      SeeInvis .    a - +0 flail
rCold   . . .      Faith    .    c - +0 buckler
rNeg    . . .      Spirit   .    b - +0 scale mail
rPois   .          Reflect  .    (no helmet)
rElec   .          Harm     .    (no cloak)
rCorr   .          Roll     +    (no gloves)
Will    .....      NoTele   +    (no barding)
Stlth   ..........               (no amulet)
HPRegen 0.37/turn                (no ring)
MPRegen 0.10/turn                (no ring)

@: berserking, very quick
A: large, rugged brown scales 3, deformed body, armoured tail, roll, long
tongue, awkward tongue, iridescent scales 1, dopey 1, mutation resistance 1
a: Renounce Religion, Potion Petition, Call Merchant, Bribe Branch


You were in the Dungeon.
You worshipped Gozag.
Gozag was aware of your devotion.
You visited 1 branch You collected 268 gold pieces.

Inventory:

Hand Weapons
 a - a +0 flail (weapon)
Armour
 b - a +0 scale mail (worn)
 c - a +0 buckler (worn)
Scrolls
 j - a scroll of blinking
 k - 4 scrolls of identify
 m - 2 scrolls of torment {unknown}
Potions
 d - a potion of might
 e - a potion of curing
 g - a potion of haste
 h - 2 potions of magic
 l - a potion of mutation
 n - 4 potions of flight
Miscellaneous
 o - a box of beasts


   Skills:
 + Level 7.0 Fighting
 + Level 7.7 Maces & Flails
 + Level 10.7 Armour
 + Level 7.7 Shields


You had 6 spell levels left.
You didn't know any spells.
Your spell library contained the following spells:

 Spells                   Type           Power      Damage    Failure   Level
 Ensorcelled Hibernation  Hex/Ice        0%         N/A       88%         2
 Passwall                 Tmut/Erth      0%         N/A       88%         2
 Swiftness                Air            0%         N/A       98%         3


Dungeon Overview and Level Annotations

Branches:
Dungeon (1/1)

Altars:
Cheibriados
Dithmenos
Elyvilon
Fedhas
Gozag
Hepliaklqana
Kikubaaqudgha
Makhleb
Nemelex Xobeh
Qazlal
Ru
Sif Muna
Vehumet
Xom
Yredelemnul
Zin
The Shining One
Jiyva
Lugonu


Innate Abilities, Weirdness & Mutations

You are completely covered in rugged brown scales. (AC +3, +7% HP)
Armour fits poorly on your strangely shaped body.
You have a long armoured tail.
You roll when moving toward enemies. (Rampage)
Your long tongue fully drains potion bottles. (2x potion effects)
Your tongue gives you trouble enunciating. (1.5x scroll delay)
You are partially covered in iridescent scales. (AC +2)
You are dopey. (Int -2)
You are somewhat resistant to further mutation.


Message History

A red film seems to cover your vision as you go berserk!
You feel yourself moving faster!
You feel mighty! The fire elemental hits you. The fire elemental burns you!
The fire elemental hits you. The fire elemental burns you!
The deep elf pyromancer hits you with a +1 long sword of holy wrath.
The fire elemental barely misses you. The fire elemental hits you.
The fire elemental burns you!
Unknown command.
Unknown command.
You sock the deep elf pyromancer!
The deep elf pyromancer is heavily wounded.
The deep elf pyromancer hits you with a +1 long sword of holy wrath.
You block the fire elemental's attack. The fire elemental hits you.
The fire elemental burns you!
Unknown command.
You closely miss the deep elf pyromancer.
The deep elf pyromancer is heavily wounded.
The deep elf pyromancer closely misses you.
The fire elemental hits you. The fire elemental burns you!
The fire elemental closely misses you.
You closely miss the deep elf pyromancer.
The deep elf pyromancer is heavily wounded.
The fire elemental hits you. The fire elemental burns you!
* * * LOW HITPOINT WARNING * * *
The deep elf pyromancer hits you with a +1 long sword of holy wrath.
* * * LOW HITPOINT WARNING * * *
You block the fire elemental's attack.
You closely miss the deep elf pyromancer.
The deep elf pyromancer is heavily wounded.
You block the deep elf pyromancer's attack.
You closely miss the deep elf pyromancer.
Your tail-slap misses the deep elf pyromancer.
The deep elf pyromancer is heavily wounded.
The fire elemental hits you. The fire elemental burns you!
* * * LOW HITPOINT WARNING * * *
The deep elf pyromancer casts a spell.
The deep elf pyromancer blinks!
The fire elemental hits you. The fire elemental burns you!
You die...
Your body crumbles into a pile of gold.

▓▓▓▓▓▓▓ ▓▓▓ ..'...♣♣♣♣
♣.##### #### $$ ..#......♣
♣.#___# #__# ###....♣♣♣
♣.#!@.# #._# ..#....~♣
♣♣♣.###E#+###)##$$
..#...~~♣♣♣...#..E○......#
$
..#..~~~~♣.♣..'.⌠.e......#$
#'#..~≈≈~~~♣..#...######'#$
$ $$
).#.~~≈~~~....#)⌠.#__#...#
..#.~≈~~~.....#)..#__#...#
..#.~~~.......#'###__#...#
###...........#...#__#...+


You could see a deep elf pyromancer and 2 fire elementals.

Vanquished Creatures
  A shadow (D)
  A spatial vortex (D)
  A necrophage (D)
  A water elemental (D)
  A jelly (D)
  A wizard (D)
  Jessica (D)
  A necromancer (D)
  A human (D)
  A kobold demonologist (D)
  A phantom (D)
  An endoplasm (D)
  2 rats (D)
14 creatures vanquished.

Notes
Turn   | Place    | Note
-------+----------+-------------------------------------------
     0 | D        | mhtbhm the Armataur Fighter began the quest for the Orb.
     0 | D        | Reached XP level 1. HP: 19/19 MP: 1/1
     5 | D        | Reached skill level 4 in Armour
    23 | D        | Noticed Jessica
    26 | D        | Killed Jessica
    27 | D        | Reached skill level 5 in Armour
    27 | D        | Reached XP level 2. HP: 28/28 MP: 2/2
    27 | D        | Reached XP level 3. HP: 35/35 MP: 3/3
   129 | D        | Reached skill level 5 in Shields
   209 | D        | Gained mutation: You expend magic power (3 MP) to
                  | strengthen your wands. [potion of mutation]
   209 | D        | Gained mutation: Your muscles are strong. (Str +4, Int/Dex
                  | -1) [potion of mutation]
   209 | D        | Gained mutation: You possess an exceptional clarity of
                  | mind. [potion of mutation]
   209 | D        | Gained mutation: Your body sometimes deteriorates upon
                  | taking damage. [potion of mutation]
   209 | D        | Gained mutation: Your natural rate of healing is unusually
                  | fast. [potion of mutation]
   224 | D        | Lost mutation: You expend magic power (3 MP) to strengthen
                  | your wands. [potion of mutation]
   224 | D        | Lost mutation: Your muscles are strong. (Str +4, Int/Dex
                  | -1) [potion of mutation]
   224 | D        | Lost mutation: Your natural rate of healing is unusually
                  | fast. [potion of mutation]
   224 | D        | Lost mutation: You possess an exceptional clarity of mind.
                  | [potion of mutation]
   224 | D        | Gained mutation: You occasionally lose the ability to read
                  | scrolls when taking damage. [potion of mutation]
   224 | D        | Gained mutation: You have a beak for a mouth. [potion of
                  | mutation]
   224 | D        | Gained mutation: You are somewhat resistant to further
                  | mutation. [potion of mutation]
   225 | D        | Lost mutation: Your body sometimes deteriorates upon taking
                  | damage. [potion of mutation]
   225 | D        | Lost mutation: You occasionally lose the ability to read
                  | scrolls when taking damage. [potion of mutation]
   225 | D        | Lost mutation: You are somewhat resistant to further
                  | mutation. [potion of mutation]
   225 | D        | Lost mutation: You have a beak for a mouth. [potion of
                  | mutation]
   225 | D        | Gained mutation: You are dopey. (Int -2) [potion of
                  | mutation]
   225 | D        | Gained mutation: You are somewhat resistant to further
                  | mutation. [potion of mutation]
   225 | D        | Gained mutation: You are partially covered in iridescent
                  | scales. (AC +2) [potion of mutation]
   229 | D        | Noticed a water elemental
   238 | D        | Killed a water elemental
   239 | D        | Reached skill level 5 in Fighting
   239 | D        | Reached skill level 7 in Armour
   239 | D        | Reached XP level 4. HP: 12/44 MP: 4/4
   378 | D        | Reached XP level 5. HP: 46/51 MP: 5/5
   399 | D        | Noticed a shadow
   408 | D        | Killed a shadow
   409 | D        | Reached skill level 9 in Armour
   409 | D        | Reached XP level 6. HP: 6/60 MP: 6/6
   589 | D        | Found a blossoming altar of Fedhas.
   589 | D        | Found a stormy altar of Qazlal.
   589 | D        | Found a snail-covered altar of Cheibriados.
   589 | D        | Found a burning altar of Makhleb.
   589 | D        | Found a shimmering altar of Xom.
   590 | D        | Found a hazy altar of Hepliaklqana.
   590 | D        | Found an opulent altar of Gozag.
   590 | D        | Found a sparkling altar of Nemelex Xobeh.
   590 | D        | Found a corrupted altar of Lugonu.
   590 | D        | Found a viscous altar of Jiyva.
   590 | D        | Noticed a spatial vortex
   600 | D        | Killed a spatial vortex
   601 | D        | Reached skill level 10 in Armour
   604 | D        | Became a worshipper of Gozag Ym Sagoz the Greedy
   619 | D        | Found a shadowy altar of Dithmenos.
   628 | D        | Found a basalt altar of Yredelemnul.
   628 | D        | Found a sacrificial altar of Ru.
   657 | D        | Found a radiant altar of Vehumet.
   658 | D        | Found a shimmering blue altar of Sif Muna.
   658 | D        | Found an ancient bone altar of Kikubaaqudgha.
   664 | D        | Noticed a chaos spawn
   677 | D        | Reached XP level 7. HP: 36/70 MP: 7/7
   824 | D        | Found a glowing silver altar of Zin.
   824 | D        | Found a glowing golden altar of the Shining One.
   824 | D        | Found a white marble altar of Elyvilon.
   825 | D        | Noticed a deep elf pyromancer
   833 | D        | Noticed a fire elemental
   833 | D        | Noticed a fire elemental
   842 | D        | HP: 5/105 [fire elemental[a deep elf pyromancer] (11)]
   843 | D        | Mangled by a fire elemental

Illustrated notes

Levels and vault maps discovered:
D:        dungeon_sprint_mu [sprint_mu_entry_forest, sprint_mu_temple_rooms,
          sprint_mu_d1_spiders, sprint_mu_d2_genie, sprint_mu_d3_branching,
          sprint_mu_orc_legion, sprint_mu_elf_gauntlet, sprint_mu_hive_nellie,
          sprint_mu_lair_fedhas, sprint_mu_vaults_butterflies,
          sprint_mu_slime_circle, sprint_mu_swamp_cave, sprint_mu_snake_twists,
          sprint_mu_blade_basic, sprint_mu_crypt_lich, sprint_mu_tomb_spiral,
          sprint_mu_vestibule_basic, sprint_mu_gehenna_hellfire,
          sprint_mu_dis_giant, sprint_mu_tartarus_statrot,
          sprint_mu_cocytus_islands, sprint_mu_zot1]

Skill      XL: |  1  2  3  4  5  6 |
---------------+-------------------+-----
Fighting       | 4 5 6 7 |  7.0
Armour         | 5 7 9 10 | 10.7
Maces & Flails | 2 4 6 7 |  7.7
Shields        | 4 5 6 7 |  7.7

Action                   |  1- 3 |  4- 6 |  7- 9 || total
-------------------------+-------+-------+-------++-------
Melee: Flail             |    39 |    46 |    14 ||    99
       Tailslap          |     2 |     6 |       ||     8
  Use: Potion            |     4 |       |     2 ||     6
Armor: Scale mail        |     9 |     9 |    13 ||    31
Dodge: Dodged            |    13 |     9 |     6 ||    28
Block: Buckler           |     5 |     6 |     7 ||    18

Table legend: (Time is in decaauts)
 A = Elapsed time spent in this place.
 B = Non-inter-level travel time spent in this place.
 C = Inter-level travel time spent in this place.
 D = Time resting spent in this place.
 E = Time spent auto-exploring this place.
 F = Levels seen in this place.
 G = Mean time per level.
                   A        B        C        D        E       F      G
               +--------+--------+--------+--------+--------+-----+--------+
         Total |    868 |    868 |      0 |    546 |      1 |   1 |  868.0 |
       Dungeon |    868 |    868 |      0 |    546 |      1 |   1 |  868.0 |
               +--------+--------+--------+--------+--------+-----+--------+

Top non-repeatable levels by time:
       D: 868 daAuts
